[Event "Late-Titled-Tuesday-Blitz-May-28-2024"]
[Site "Chess.com"]
[Date "2024.05.28"]
[Round "6"]
[White "NMChessToImpress"]
[Black "Orest_Vovk"]
[Result "0-1"]
[WhiteElo "2322"]
[BlackElo "2513"]
[TimeControl "180+1"]
[EndTime "15:06:17 PDT"]
[Termination "Orest_Vovk won on time"]

1. e4 g5 2. d4 g4 3. Nc3 Bg7 4. Be3 h5 5. h3 d6 6. hxg4 hxg4 7.
Rxh8 Bxh8 8. Be2 Nf6 9. e5 Nfd7 10. e6 fxe6 11. Bxg4 Nf6 12. Bh3 Nc6 13. Nf3 e5 14. dxe5 Bxh3 15. exf6 Bxg2 16. Nh4 Bh3 17. f7+ Kd7 18. Ng6 Bg7 19. Qh5 Be6 20. Nf4 Qh8 21. Qg6 Bxc3+ 22. Ke2 Bc4+ 23. Kf3 Bxb2 24. Re1 Ne5+ 0-1

[Event "Late-Titled-Tuesday-Blitz-May-28-2024"]
[Site "Chess.com"]
[Date "2024.05.28"]
[Round "6"]
[White "Engima32"]
[Black "KebabJangles"]
[Result "1-0"]
[WhiteElo "2471"]
[BlackElo "2284"]
[TimeControl "180+1"]
[EndTime "15:06:23 PDT"]
[Termination "Engima32 won by resignation"]

1. d4 Nf6 2. Nf3 g6 3. g3 Bg7 4.
Bg2 O-O 5. O-O d6 6. c4 Nc6 7. Nc3 a6 8. b3 Rb8 9. Bb2 b5 10. cxb5 axb5 11. Rc1 b4 12. Nb1 Bd7 13. Nbd2 Na5 14.
e4 Ne8 15. Qc2 c6 16. d5 c5 17.
Bxg7 Nxg7 18. Rfe1 f6 19. Bf1 Ra8 20. Nc4 Nxc4 21.
Bxc4 Qa5 22. Re2 Bb5 23. Nd2 Bd7 24. Ra1 f5 25. e5 f4 26. exd6 exd6 27. Re7 Bf5 28. Qb2 Rf7 29. Rxf7 Kxf7 30. Nf3 Qa3 31. Qd2 fxg3 32. hxg3 Qa7 33. Qf4 Qe7 34. Re1 Qf6 35.
Ng5+ Kg8 36. Ne6 Nxe6 37. dxe6 Kg7 38. Qxd6 Re8 39. Qxc5 Bxe6 40. Qc7+ Re7 41. Qe5 Qxe5 42. Rxe5 Kf6 43. Rxe6+ Rxe6 44. Bxe6 Kxe6 45. Kf1 Ke5 46. Ke2 Kd4 47. g4 h5 48. gxh5 gxh5 49. Kf3 Ke5 50. Kg3 Ke4 51. Kh4 Kf3 52. Kxh5 Kxf2 53. Kg5 Ke3 54. Kf5 Kd3 55. Ke5 Kc3 56. Kd5 Kb2 57. Kc4 1-0

[Event "Late-Titled-Tuesday-Blitz-May-28-2024"]
[Site "Chess.com"]
[Date "2024.05.28"]
[Round "6"]
[White "Nathan_Filgueiras"]
[Black "Alina_Gumerovna"]
[Result "1-0"]
[WhiteElo "2537"]
[BlackElo "2180"]
[TimeControl "180+1"]
[EndTime "15:06:24 PDT"]
[Termination "Nathan_Filgueiras won on time"]

1. e4 e5 2. Nf3 Nf6 3. Bc4 Nxe4 4. Nc3 Nd6 5. Bb3 Nc6 6. O-O Be7 7. Re1 O-O 8. Nxe5 Nxe5 9. Rxe5 Bf6 10. Re1 Nf5 11. d3 c6 12. Ne4 d5 13. Nxf6+ Qxf6 14.
Qf3 Qg6 15. c3 Be6 16. Bf4 d4 17. Bxe6 fxe6 18. Qe4 Rae8 19. c4 Qg4 20. Bg3 Qg5 21. Re2 h5 22. Rae1 h4 23. Bf4 Qg6 24. h3 Qh5 25. Be5 Rd8 26. Qg4 Qxg4 27. hxg4 Nh6 28. f3 Rfe8 29. c5 Kf7 30. Re4 Rd5 31. b4 Red8 32. Bd6 R8xd6 33. cxd6 Rxd6 34. Kh2 g5 35. Re5 Kf6 36. R5e4 Nf7 37. f4 gxf4 38. Rxf4+ Kg6 39. Ree4 e5 40. Rf5 Ng5 41. Rexe5 Nf7 42. Re7 1-0

[Event "Late-Titled-Tuesday-Blitz-May-28-2024"]
[Site "Chess.com"]
[Date "2024.05.28"]
[Round "6"]
[White "wild3000"]
[Black "dennisodessa"]
[Result "0-1"]
[WhiteElo "2385"]
[BlackElo "2557"]
[TimeControl "180+1"]
[EndTime "15:06:25 PDT"]
[Termination "dennisodessa won by resignation"]

1. d4 e6 2. Nf3 Nf6 3. g3 c5 4. Bg2 b6 5. c4 Bb7 6. d5 exd5 7. cxd5 Bxd5 8. Nc3 Bb7 9. O-O Be7 10. e4 Nxe4 11. Nxe4 Bxe4 12. Re1 d5 13. Bf1 O-O 14.
Nd2 Bg6 15. h4 Nc6 16. h5 Bf5 17. h6 g6 18. Nf3 Bf6 19. Bg2 Qd7 20. Bg5 Bxb2 21.
Nh4 Be6 22. Rb1 Bh8 23. Qf3 Nd4 24. Qd1 Rfe8 25. Nf3 Bg4 26. Qd3 Nxf3+ 27. Bxf3 Bxf3 28.
Qxf3 Qf5 29. Bf4 g5 30. Qh5 Qg6 31. Qxg5 Qxg5 32. Bxg5 f6 33. Bf4 Kf7 34. g4 Kg6 35. Kg2 f5 36. f3 Bc3 37. Rh1 fxg4 38. fxg4 Re4 39. Rbf1 Rf8 40. Bc1 Re2+ 41. Kg3 Be5+ 42. Kh4 Rxf1 0-1

[Event "Late-Titled-Tuesday-Blitz-May-28-2024"]
[Site "Chess.com"]
[Date "2024.05.28"]
[Round "6"]
[White "Kombinator01"]
[Black "FredddieCroderg"]
[Result "1-0"]
[WhiteElo "2474"]
[BlackElo "2294"]
[TimeControl "180+1"]
[EndTime "15:06:25 PDT"]
[Termination "Kombinator01 won on time"]

1. e4 c6 2. d4 d5 3. exd5 cxd5 4.
c4 Nf6 5. Nc3 e6 6. Nf3 Be7 7.
Bd3 O-O 8. O-O dxc4 9. Bxc4 b6 10.
Ne5 Bb7 11. Qe1 Nc6 12. Nxf7 Rxf7 13. Qxe6 Qf8 14. Re1 Re8 15. Qd7 Na5 16. Bxf7+ Qxf7 17. Qb5 Qg6 18. d5 Bc5 19. Rxe8+ Qxe8 20. Qxe8+ Nxe8 21. Bf4 Nc4 22. Re1 Kf7 23. b3 Ncd6 24. Rd1 Nf6 25. Na4 Nde4 26. Nxc5 Nxc5 27. d6 Ke6 28. b4 Nce4 29.
Re1 Kd7 30. f3 Nxd6 31. Rd1 Ne8 32. b5 Ke6 33. a4 Bd5 34. Rc1 Bb3 35. Re1+ Kd7 36.
Ra1 h6 37. Ra3 Bc2 38. Kf2 Ke6 39. h4 Nf6 40. g4 Nd5 41. Bd2 Bb1 42. a5 Bc2 43.
axb6 axb6 44. Ra2 Bd3 45. Be3 Bxb5 46. Ra7 Bc4 47. Rxg7 b5 48. Bxh6 b4 49. Bc1 b3 50.
h5 Nb4 51. h6 Nd3+ 52. Ke3 Nxc1 53. h7 b2 54. h8=Q b1=Q 55. Qg8+ Kf6 56. Rg5 1-0

[Event "Late-Titled-Tuesday-Blitz-May-28-2024"]
[Site "Chess.com"]
[Date "2024.05.28"]
[Round "6"]
[White "northridgehawk"]
[Black "TheDiscoOne"]
[Result "0-1"]
[WhiteElo "2356"]
[BlackElo "2518"]
[TimeControl "180+1"]
[EndTime "15:06:26 PDT"]
[Termination "TheDiscoOne won by checkmate"]

1. e4 c5 2. d3 g6 3. Nd2 Nc6 4.
Ngf3 d6 5. g3 h5 6. Bg2 Bg7 7. h4 Bg4 8. O-O Qd7 9. Kh2 Nh6 10.
c3 O-O-O 11. a4 f5 12. exf5 Nxf5 13. a5 g5 14. Qb3 gxh4 15. a6 hxg3+ 16. fxg3 b6 17.
Nc4 h4 18. gxh4 Nxh4 19. Kg1 Nxg2 20. Nxb6+ axb6 21. a7 Kb7 22. Qb5 Ra8 23. Qa6+ Kc7 24. Qc4 Bxf3 25. Rxf3 Ne5 26. Qe4 Nxf3+ 27. Qxf3 Ne1 28.
Qe4 Be5 29. Kf1 Nc2 30. Ra6 Qh3+ 31. Ke2 Qh2+ 32. Kd1 Rhg8 33. Bd2 Qg2 34. Qh7 Rg7 35. Qh4 Qg4+ 36. Qxg4 Rxg4 37. Kxc2 Kb7 38. Ra1 Rxa7 39. Re1 Ra8 40. Rf1 Rag8 41. Rf7 Bf6 42. Rh7 Rh8 43. Rf7 Rg7 44. Rxg7 Bxg7 45. Kb3 Rh2 46. Bc1 Bh6 47.
Bxh6 Rxh6 48. Kc4 Kc6 49. b4 b5+ 50. Kb3 cxb4 51. Kxb4 Rh4+ 52. d4 d5 53. Kb3 b4 54.
Kxb4 Rh1 55. Kb3 Rb1+ 56. Kc2 Rb8 57. Kd3 Kb5 58. Kc2 Kc4 59. Kd2 Rb3 60. Kc2 Rxc3+ 61. Kd2 Rd3+ 62. Kc2 Kxd4 63. Kc1 e5 64. Kc2 e4 65.
Kc1 e3 66. Kc2 e2 67. Kc1 e1=Q+ 68. Kc2 Qe2+ 69. Kb1 Rd1# 0-1

[Event "Late-Titled-Tuesday-Blitz-May-28-2024"]
[Site "Chess.com"]
[Date "2024.05.28"]
[Round "6"]
[White "Chaubunagungamaug1"]
[Black "olawsson"]
[Result "1-0"]
[WhiteElo "2459"]
[BlackElo "2163"]
[TimeControl "180+1"]
[EndTime "15:06:26 PDT"]
[Termination "Chaubunagungamaug1 won on time"]

1. d4 d6 2. Nf3 g6 3. c4 Bg7 4. Nc3 Nc6 5. Bg5 h6 6. Bh4 g5 7. Bg3 g4 8. d5 gxf3 9. dxc6 fxe2 10. Bxe2 bxc6 11. Bf3 Bd7 12. O-O Rb8 13. Rb1 Bxc3 14. bxc3 Rxb1 15. Qxb1 e5 16. Qb7 f5 17. Bxc6 f4 18.
Bh4 Qxh4 19. Qc8+ Qd8 20. Bxd7+ Ke7 21. Qxd8+ Kxd8 22. Bc6 Ne7 23. Be4 c6 24. Bf3 Kc7 25. Rd1 Rb8 26. Rd2 Rb1+ 27. Bd1 e4 28. Kf1 1-0

[Event "Late-Titled-Tuesday-Blitz-May-28-2024"]
[Site "Chess.com"]
[Date "2024.05.28"]
[Round "6"]
[White "Caterpiller35"]
[Black "Karttunen"]
[Result "0-1"]
[WhiteElo "2473"]
[BlackElo "2667"]
[TimeControl "180+1"]
[EndTime "15:06:27 PDT"]
[Termination "Karttunen won by checkmate"]

1. d4 Nf6 2. Bg5 d5 3. Bxf6 gxf6 4. e3 e6 5. c4 dxc4 6. Bxc4 a6 7.
Nc3 b5 8. Be2 Bb7 9. Bf3 c6 10.
Nge2 Nd7 11. Rc1 Rc8 12. O-O Qb6 13. Ne4 f5 14. N4g3 Bd6 15. Nh5 Rg8 16. Nef4 Ke7 17. Re1 Nf6 18. Nxf6 Kxf6 19. Nh5+ Ke7 20. e4 fxe4 21.
Rxe4 Rg5 22. Qd3 c5 23. Rxe6+ Kxe6 24. Re1+ Kd7 25. Nf6+ Kc7 26. dxc5 Qxc5 27. Qxh7 Bxf3 28. Qxf7+ Kc6 29. Qd7+ Kb6 30. Qh3 Bc6 31. Qxc8 Rxg2+ 32. Kf1 Qxf2# 0-1

[Event "Late-Titled-Tuesday-Blitz-May-28-2024"]
[Site "Chess.com"]
[Date "2024.05.28"]
[Round "6"]
[White "Quaide7"]
[Black "N_Mullodzhanov"]
[Result "0-1"]
[WhiteElo "2174"]
[BlackElo "2486"]
[TimeControl "180+1"]
[EndTime "15:06:28 PDT"]
[Termination "N_Mullodzhanov won by resignation"]

1. c4 Nf6 2. Nc3 g6 3. g3 Bg7 4. Bg2 O-O 5. Nf3 d6 6. O-O c5 7. Rb1 Nc6 8. a3 e5 9. d3 h6 10. b4 a6 11. Nd5 Nd4 12. e3 Nxd5 13. cxd5 Nb5 14. Qb3 e4 15. dxe4 Nc3 16. bxc5 Nxb1 17. cxd6 Nc3 18. e5 Ne2+ 19. Kh1 Nxc1 20. Rxc1 Bg4 21.
Qxb7 Bxf3 22. Bxf3 Bxe5 23. d7 Rb8 24. Qc6 a5 25. h4 Qf6 26. Qxf6 Bxf6 27. Bg4 h5 28. Bh3 Bb2 29. Rc8 Bxa3 30. e4 Bd6 31. f4 a4 32. e5 a3 33. exd6 a2 34. Rc1 Rb1 0-1

[Event "Late-Titled-Tuesday-Blitz-May-28-2024"]
[Site "Chess.com"]
[Date "2024.05.28"]
[Round "6"]
[White "gamboajp"]
[Black "LUISMIGUELOV"]
[Result "1-0"]
[WhiteElo "2042"]
[BlackElo "2221"]
[TimeControl "180+1"]
[EndTime "15:06:28 PDT"]
[Termination "gamboajp won on time"]

1. c4 d6 2. Nc3 e5 3. g3 g6 4. Bg2 Bg7 5. e4 c6 6. Nge2 Ne7 7. d3 O-O 8. h3 a6 9. Be3 b5 10. Qd2 b4 11. Nd1 a5 12. O-O Na6 13. f4 c5 14. f5 Nc6 15. g4 Nd4 16. Nxd4 cxd4 17. Bh6 f6 18. Nf2 g5 19. Bxg7 Kxg7 20.
Nh1 Nc5 21. Ng3 Bd7 22. Nh5+ Kh8 23. h4 h6 24. hxg5 hxg5 25. Rf3 Rf7 26. Rh3 Rh7 27. Kf2 Be8 28. Rah1 Bxh5 29. Rxh5 Rxh5 30. Rxh5+ Kg7 31. Bf1 Qg8 32. Kf3 Rf8 33. Qh2 a4 34. Rh6 Kf7 35. Rh7+ Ke8 36. Ra7 b3 37. a3 Kd8 38.
Qh6 d5 39. cxd5 Nd7 40. Rxa4 Kc7 41. Rc4+ 1-0

[Event "Late-Titled-Tuesday-Blitz-May-28-2024"]
[Site "Chess.com"]
[Date "2024.05.28"]
[Round "6"]
[White "Mikhail_Bryakin"]
[Black "lachesisQ"]
[Result "0-1"]
[WhiteElo "2845"]
[BlackElo "3062"]
[TimeControl "180+1"]
[EndTime "15:06:29 PDT"]
[Termination "lachesisQ won by resignation"]

1. Nf3 Nf6 2. d4 g6 3. c4 Bg7 4. g3 O-O 5. Nc3 d6 6. Bg2 Nc6 7. O-O a6 8. Bf4 Rb8 9. Rc1 Bd7 10. Nd5 Nxd5 11. cxd5 Na7 12. Qd2 c6 13. dxc6 bxc6 14. b3 Qb6 15. Bh6 Nb5 16. Bxg7 Kxg7 17. h4 f6 18. e3 Nc7 19. Rc2 Ne6 20. Rfc1 Rfc8 21. Ne1 Nd8 22. Nd3 a5 23. Kh2 Nf7 24. Nf4 e5 25.
Ne2 d5 26. Rc5 a4 27. bxa4 Nd6 28. Qc3 e4 29. Qc2 g5 30. a5 Qa7 31. Nc3 gxh4 32. gxh4 Nb7 33. Na4 Nxc5 34. Nxc5 Bg4 35. a6 Kh8 36.
Rg1 Qc7+ 37. Kh1 Rg8 38. Bf1 Bf3+ 39. Bg2 Rxg2 40. Rxg2 Rg8 41. Ne6 Bxg2+ 42. Kg1 Bf3+ 0-1

[Event "Late-Titled-Tuesday-Blitz-May-28-2024"]
[Site "Chess.com"]
[Date "2024.05.28"]
[Round "6"]
[White "moro182"]
[Black "RuperezA"]
[Result "0-1"]
[WhiteElo "2879"]
[BlackElo "2728"]
[TimeControl "180+1"]
[EndTime "15:06:30 PDT"]
[Termination "RuperezA won by resignation"]

1. d4 e6 2. Bf4 d5 3. Nf3 Nf6 4. e3 c5 5. Nbd2 Bd6 6. dxc5 Bxc5 7. Bd3 Nc6 8. O-O O-O 9. c3 Qe7 10. Bg5 h6 11. Bh4 Rd8 12. Qc2 Bd7 13. e4 g5 14.
Bg3 dxe4 15. Nxe4 Nxe4 16. Bxe4 Rac8 17. Rfe1 Bd6 18. Bxd6 Qxd6 19. Rad1 Qf4 20. Qe2 Be8 21. h3 Kg7 22. Qe3 Qxe3 23. fxe3 b6 24. Kf2 Na5 25. Ne5 f6 26. Nf3 Nc4 27. b3 Nd6 28. Bb1 Rxc3 29. Nd4 Kf7 30. Rd2 e5 31. Nf3 Nb7 32. Rxd8 Nxd8 33.
Nd2 Rc8 34. Ne4 Ke7 35. Rd1 Bg6 36. Nd6 Rc6 37. Nc8+ Rxc8 38. Bxg6 Ne6 39. Bf5 Rc3 40.
Rd2 a5 41. g4 Nc5 42. Kf3 Rc1 43. a3 e4+ 44. Ke2 Rb1 45. Rd4 Rxb3 46. Bxe4 Rxa3 47.
Bc6 Ra2+ 48. Kf3 a4 49. Rb4 a3 50. Rxb6 Rb2 0-1

[Event "Late-Titled-Tuesday-Blitz-May-28-2024"]
[Site "Chess.com"]
[Date "2024.05.28"]
[Round "6"]
[White "PhileKhoob"]
[Black "marik_spb"]
[Result "0-1"]
[WhiteElo "2320"]
[BlackElo "2511"]
[TimeControl "180+1"]
[EndTime "15:06:30 PDT"]
[Termination "marik_spb won by resignation"]

1. Nf3 Nf6 2. g3 d5 3. Bg2 c5 4. O-O Nc6 5. d4 Bg4 6. Ne5 e6 7. Nxg4 Nxg4 8. c4 h5 9. cxd5 exd5 10. dxc5 Bxc5 11. e3 d4 12. exd4 Qxd4 13. Qe2+ Kf8 14. h3 Re8 15. Qf3 Nxf2 16. Rxf2 Qxf2+ 17. Qxf2 Re1+ 18. Bf1 Bxf2+ 19. Kxf2 Rxc1 20. Bd3 Rh6 21. Ke2 Nb4 22. Bf5 Rd6 23. Be4 Nc2 24. Bxc2 Rxc2+ 25. Ke3 Rc1 26. Ke2 Rdd1 27. a4 Rxb1 28. Ra3 Rxb2+ 0-1

[Event "Late-Titled-Tuesday-Blitz-May-28-2024"]
[Site "Chess.com"]
[Date "2024.05.28"]
[Round "6"]
[White "Chess_Star1234"]
[Black "cthake"]
[Result "1-0"]
[WhiteElo "2437"]
[BlackElo "1779"]
[TimeControl "180+1"]
[EndTime "15:06:33 PDT"]
[Termination "Chess_Star1234 won by checkmate"]

1. d4 Nf6 2. c4 c5 3. d5 d6 4. Nc3 g6 5. e4 Bg7 6. f3 O-O 7. Nge2 e6 8. Ng3 exd5 9. cxd5 a6 10. a4 Re8 11. Be2 Nbd7 12. O-O h5 13.
Bf4 Ne5 14. Qd2 h4 15. Nh1 h3 16. g4 Bd7 17. Nf2 Rb8 18. a5 b5 19. axb6 Qxb6 20.
Rxa6 Qxb2 21. Qxb2 Rxb2 22. Rxd6 Nxf3+ 23. Bxf3 Rb3 24. e5 Nh7 25. Rxd7 Rxc3 26. Nxh3 c4 27. Bg2 g5 28. Nxg5 Nxg5 29. Bxg5 Bxe5 30. Bf6 Bxf6 31. Rxf6 Rc1+ 32. Kf2 Rc2+ 33. Kg3 Re3+ 34. Bf3 Rcc3 35.
Rfxf7 Rcd3 36. Rde7 c3 37. Rxe3 Rxe3 38. Rc7 Rd3 39.
d6 Rxd6 40. Rxc3 Kf7 41. h4 Kg6 42. g5 Kf5 43. Rc5+ Kg6 44. h5+ Kg7 45. Kf4 Rd4+ 46. Be4 Rd7 47. h6+ Kg8 48. Kf5 Rf7+ 49. Kg6 Rf8 50.
Rc7 Re8 51. Bd5+ Kh8 52. Rh7# 1-0

[Event "Late-Titled-Tuesday-Blitz-May-28-2024"]
[Site "Chess.com"]
[Date "2024.05.28"]
[Round "6"]
[White "glucolisis04"]
[Black "colegiodemadrid"]
[Result "0-1"]
[WhiteElo "2279"]
[BlackElo "2513"]
[TimeControl "180+1"]
[EndTime "15:06:34 PDT"]
[Termination "colegiodemadrid won by resignation"]

1. d4 Nf6 2. c4 e6 3. Nc3 d5 4. cxd5 exd5 5. Bg5 Be7 6. e3 c6 7. Bd3 Nbd7 8. Qc2 h6 9. Bf4 Nh5 10. Be5 Nxe5 11. dxe5 d4 12. exd4 Qxd4 13. Nf3 Qg4 14.
O-O Nf4 15. Ne1 Qg5 16. g3 Bh3 17. Ne4 Qxe5 18. gxf4 Qxf4 19. Ng3 Bxf1 20. Bxf1 O-O 21. Nd3 Qg5 22. Re1 Bf6 23. Bg2 Rfe8 24. Ne4 Qg6 25. Nf4 Qf5 26. Nh3 Rad8 27. Nxf6+ Qxf6 28. Rxe8+ Rxe8 29. Qd2 Qe5 30. Bf1 g5 31. f4 Qc5+ 32. Qf2 Qxf2+ 33.
Kxf2 f6 34. fxg5 hxg5 35. Ng1 Rd8 36. Ke2 Rd5 37. Nf3 Kg7 38. Ke3 Rc5 39. Bd3 Rc1 40.
Nd4 Rh1 41. h4 gxh4 42. Nf5+ Kf8 43. Nd6 b6 44. Be4 Re1+ 45. Kf4 c5 46. Kf5 h3 47. Kxf6 h2 48. Kf5 Rxe4 49. Kxe4 h1=Q+ 50. Ke5 Qc1 51. Kd5 Qxb2 0-1

[Event "Late-Titled-Tuesday-Blitz-May-28-2024"]
[Site "Chess.com"]
[Date "2024.05.28"]
[Round "6"]
[White "howitzer14"]
[Black "Iuckyducky"]
[Result "1-0"]
[WhiteElo "3018"]
[BlackElo "2252"]
[TimeControl "180+1"]
[EndTime "15:06:34 PDT"]
[Termination "howitzer14 won by resignation"]

1. e4 c5 2. Nf3 Nc6 3. Bb5 e5 4. c3 Bd6 5. d3 a6 6. Ba4 b5 7. Bc2 Bb7 8. a4 Bc7 9. O-O Nf6 10. Bg5 h6 11. Bh4 g5 12. Bg3 Nh5 13. Nxe5 Nxg3 14. Nxc6 Bxc6 15. fxg3 Qe7 16. axb5 axb5 17.
Rxa8+ Bxa8 18. Qh5 Rh7 19. Nd2 Qe6 20. Kh1 Ke7 21.
Bb3 d5 22. exd5 Bxd5 23. Bxd5 Qxd5 24. Qe2+ Kf8 25. Ne4 Qe5 26. Qf3 Bd8 27. g4 Rg7 28. h3 Bc7 29. g3 Qd5 30. Kg2 Rg6 31. Nf6 Qxf3+ 32. Rxf3 Bd6 33. Rf5 Be7 34. Nd7+ Kg7 35. Nxc5 Rc6 36. b4 Rc7 37. Kf3 Ra7 38. Ne4 Ra3 39. Rxb5 1-0

[Event "Late-Titled-Tuesday-Blitz-May-28-2024"]
[Site "Chess.com"]
[Date "2024.05.28"]
[Round "6"]
[White "Blitz"]
[Black "Pig-filth"]
[Result "0-1"]
[WhiteElo "2509"]
[BlackElo "2375"]
[TimeControl "180+1"]
[EndTime "15:06:35 PDT"]
[Termination "Pig-filth won by checkmate"]

1. d4 Nf6 2. Nc3 d5 3. Bf4 a6 4. e3 c5 5. dxc5 Nc6 6. Na4 e5 7. Bg5 Qa5+ 8. c3 Ne4 9. Bh4 Nxc5 10. Nxc5 Qxc5 11. Nf3 Bd6 12. Rc1 Bc7 13. Bg3 O-O 14. Bd3 Qe7 15. Bb1 Be6 16. h4 e4 17. Bxc7 exf3 18.
Bg3 fxg2 19. Rg1 Bh3 20. h5 Rad8 21. h6 g6 22. Qf3 d4 23. Bf4 Qd7 24. cxd4 Nxd4 25.
exd4 Rfe8+ 26. Be3 Qxd4 27. Bc2 Qd2# 0-1

[Event "Late-Titled-Tuesday-Blitz-May-28-2024"]
[Site "Chess.com"]
[Date "2024.05.28"]
[Round "6"]
[White "WilsonPalencia21"]
[Black "DonJuanEGenaro"]
[Result "1-0"]
[WhiteElo "2586"]
[BlackElo "2048"]
[TimeControl "180+1"]
[EndTime "15:06:36 PDT"]
[Termination "WilsonPalencia21 won on time"]

1. d4 d5 2. c4 e6 3. Nf3 c5 4. cxd5 exd5 5. Nc3 Nc6 6. Bg5 Be7 7. Bxe7 Ngxe7 8.
dxc5 d4 9. Ne4 O-O 10. a3 Bf5 11.
Nd6 Bg4 12. Nxd4 Qa5+ 13. b4 Nxb4 14. axb4 Qxb4+ 15. Qd2 Qxc5 16. Ne4 Qe5 17. f3 Rfd8 18. e3 Bf5 19. Ng3 Bg6 20. Be2 Nd5 21. Kf2 Nxe3 22.
Qxe3 Qxd4 23. Qxd4 Rxd4 24. Rhc1 a5 25. Rxa5 Re8 26. Rac5 h5 27. Rc8 Rxc8 28. Rxc8+ Kh7 29. Ke3 Rb4 30. Ne4 Bxe4 31. fxe4 Kg6 32. h4 b6 33. Rc6+ Kh7 34. Bxh5 Rb3+ 35. Kf4 g6 36. Bf3 b5 37. h5 gxh5 38. Bxh5 Rb2 39. Bf3 Kg7 40. Rb6 b4 41. e5 b3 42. Rb7 Kf8 43. Bd5 Rf2+ 44. Ke3 Rf5 45. Kd4 1-0

[Event "Late-Titled-Tuesday-Blitz-May-28-2024"]
[Site "Chess.com"]
[Date "2024.05.28"]
[Round "6"]
[White "MarcoRiehle"]
[Black "rezamahdavi2008"]
[Result "0-1"]
[WhiteElo "2782"]
[BlackElo "2998"]
[TimeControl "180+1"]
[EndTime "15:06:40 PDT"]
[Termination "rezamahdavi2008 won by resignation"]

1. e4 c5 2. a3 d5 3. exd5 Qxd5 4. Nc3 Qd8 5. Nf3 Nc6 6. Bb5 Bd7 7. O-O Nf6 8. d3 e6 9. Bg5 Be7 10. Bxc6 Bxc6 11. Ne5 Rc8 12. Re1 O-O 13. Nxc6 Rxc6 14. Qf3 h6 15. Bh4 Re8 16. h3 Rb6 17. b3 Qd4 18. Bxf6 Qxf6 19. Ne4 Qxf3 20. gxf3 Rd8 21. a4 f5 22. Nd2 Bf6 23. Rad1 Bc3 24. Re2 Rd5 25. Nc4 Rc6 26. Kg2 Kf7 27. f4 Kf6 28.
Kf3 g5 29. Rg1 Rc8 30. Ne3 Rd4 31. fxg5+ hxg5 32. Nd1 Rf4+ 33. Ke3 Bd4+ 34. Kd2 Kf7 35. Rge1 Rc6 36. Rg1 Bf6 37. Ne3 Rh4 38. Nc4 Rxh3 39. Ne5+ Bxe5 40. Rxe5 Kf6 41. Re2 g4 42. Kc3 Rf3 43.
Kc4 Rf4+ 44. Kc3 a6 45. Rh1 Kg7 46. a5 Rd6 47. Rhe1 Kf6 48. Rh1 Kg5 49. Rh7 b6 50.
axb6 Rxb6 51. Rc7 Rb8 52. Rxc5 Rh8 53. Rc8 Rxc8+ 0-1

[Event "Late-Titled-Tuesday-Blitz-May-28-2024"]
[Site "Chess.com"]
[Date "2024.05.28"]
[Round "6"]
[White "temus_galaktionov"]
[Black "ManMish2"]
[Result "1-0"]
[WhiteElo "2885"]
[BlackElo "2681"]
[TimeControl "180+1"]
[EndTime "15:06:40 PDT"]
[Termination "temus_galaktionov won by checkmate"]

1. d4 d5 2. c4 e6 3. Nf3 Nf6 4. Nc3 dxc4 5. e3 c5 6. Bxc4 a6 7. a4 Nc6 8. O-O Be7 9. dxc5 Qxd1 10. Rxd1 Bxc5 11. Bd2 Bd7 12. Rac1 Rc8 13. Bd3 Ke7 14. Ne4 Nxe4 15. Bxe4 Bd6 16. Bc3 f6 17. Rd2 Rc7 18. Rcd1 Bc5 19. g4 e5 20. g5 Bg4 21. Kg2 h6 22. gxf6+ gxf6 23. h3 Be6 24. Nh4 Rg8+ 25. Kh2 Rg5 26. f4 exf4 27. exf4 Rh5 28. Kg3 Be3 29. Ng6+ Kf7 30. Rd6 Rxh3+ 31. Kg2 Ne7 32.
Nh8+ Kg8 33. Rxe6 Rh4 34. Bxf6 Rxf4 35. Rd8# 1-0

[Event "Late-Titled-Tuesday-Blitz-May-28-2024"]
[Site "Chess.com"]
[Date "2024.05.28"]
[Round "6"]
[White "KatakuriDono"]
[Black "tactic"]
[Result "1-0"]
[WhiteElo "2299"]
[BlackElo "2552"]
[TimeControl "180+1"]
[EndTime "15:06:40 PDT"]
[Termination "KatakuriDono won by checkmate"]

1. d4 g6 2. e4 Bg7 3. Nf3 d6 4.
Bd3 Bg4 5. c3 Nc6 6. Nbd2 e5 7. d5 Nce7 8. h3 Bxf3 9. Nxf3 Nf6 10.
O-O O-O 11. Be3 Nd7 12. b4 a5 13. a3 b6 14. c4 f5 15. Ng5 Qc8 16. Ne6 Rf7 17.
c5 bxc5 18. bxc5 f4 19. cxd6 cxd6 20. Rc1 Qb7 21. Rb1 Qc8 22. Rc1 Qe8 23. Bd2 Rc8 24.
Qa4 f3 25. g3 Rb8 26. Bb5 Nc8 27. Rc7 Ncb6 28. Qxa5 Ra8 29. Qxb6 Nxb6 30. Bxe8 Rxe8 31. Rxf7 Kxf7 32. Bb4 Nc4 33. Rc1 Rc8 34. a4 Bh6 35. Rc2 Kf6 36. a5 Rb8 37. Rxc4 Bd2 38. Bxd2 Rb1+ 39.
Rc1 Rb2 40. Be3 Ra2 41. Bb6 h5 42. h4 g5 43. hxg5+ Kg6 44. Nc7 h4 45. gxh4 Kh5 46.
a6 Kg4 47. a7 Rc2 48. Rxc2 Kh3 49. a8=Q Kg4 50. Qc8+ Kf4 51. Qf5# 1-0

[Event "Late-Titled-Tuesday-Blitz-May-28-2024"]
[Site "Chess.com"]
[Date "2024.05.28"]
[Round "6"]
[White "GarayevKanan"]
[Black "eljanov"]
[Result "1-0"]
[WhiteElo "2735"]
[BlackElo "2882"]
[TimeControl "180+1"]
[EndTime "15:06:44 PDT"]
[Termination "GarayevKanan won on time"]

1. d4 d5 2. c4 e6 3. Nf3 Nf6 4. g3 Bb4+ 5. Nbd2 O-O 6. Bg2 b6 7. cxd5 exd5 8. O-O Bb7 9. Ne5 Re8 10. a3 Bd6 11.
Ndc4 Bf8 12. b4 Ne4 13. Ne3 Nd7 14. Bb2 Nxe5 15. dxe5 c5 16. bxc5 Bxc5 17. Nf5 Qg5 18. Nh4 Rad8 19. Nf3 Qh5 20. Bd4 Ba6 21. Re1 Bc4 22.
Rc1 b5 23. e3 Bxa3 24. Ra1 b4 25. Bxa7 Bb2 26. Ra5 Bc3 27. Nd4 b3 28. Qxh5 Bxa5 29. Bxe4 dxe4 30. Rb1 Ra8 31. Bc5 Bc7 32. e6 g6 33. Qd1 1-0

[Event "Late-Titled-Tuesday-Blitz-May-28-2024"]
[Site "Chess.com"]
[Date "2024.05.28"]
[Round "6"]
[White "IMRosen"]
[Black "Love7Unicorn"]
[Result "1-0"]
[WhiteElo "2725"]
[BlackElo "2532"]
[TimeControl "180+1"]
[EndTime "15:06:45 PDT"]
[Termination "IMRosen won by resignation"]

1. d4 Nf6 2. Bf4 b6 3. Nf3 Bb7 4. c4 e6 5. e3 Bb4+ 6. Nfd2 d6 7.
a3 Bxd2+ 8. Nxd2 Nbd7 9. Bg3 Qe7 10. Qc2 a5 11. O-O-O e5 12. f3 O-O 13. Bd3 h6 14. Bh4 Rfe8 15. Rhe1 Qf8 16. g4 exd4 17. exd4 Rxe1 18.
Rxe1 Re8 19. Rg1 Re3 20. g5 hxg5 21. Bxg5 Re6 22. Bf5 Re2 23. Bh6 Bxf3 24. Bxg7 Qxg7 25. Rxg7+ Kxg7 26. Qd3 Bh5 27. Qg3+ Kf8 28. Qg5 Re1+ 29. Kc2 Bd1+ 30. Kc3 c5 31. Bxd7 cxd4+ 32. Kxd4 Nxd7 33.
Qd8+ Kg7 34. Qxd7 Bh5 35. Qxd6 Re2 36. Qf4 Bg6 37. h4 Re6 38. Nf3 Rf6 39. Qe5 1-0

[Event "Late-Titled-Tuesday-Blitz-May-28-2024"]
[Site "Chess.com"]
[Date "2024.05.28"]
[Round "6"]
[White "GMthekingindian"]
[Black "JohnWhite1952"]
[Result "1-0"]
[WhiteElo "2341"]
[BlackElo "2027"]
[TimeControl "180+1"]
[EndTime "15:06:46 PDT"]
[Termination "GMthekingindian won on time"]

1. d4 Nf6 2. Nf3 g6 3. g3 Bg7 4.
Bg2 O-O 5. O-O c5 6. dxc5 Qa5 7. Be3 Nc6 8. c3 Ng4 9. Bd4 e5 10. b4 Qc7 11. Be3 Nxe3 12. fxe3 a5 13. Qb3 axb4 14.
Rd1 bxc3 15. Nxc3 Na5 16. Qb4 Nc6 17. Qc4 b6 18. Nd5 Qd8 19. cxb6 Ba6 20. Qc5 Bxe2 21. Rd2 Ba6 22. Rad1 Re8 23. Nc7 Bf8 24. Qd5 Bb7 25.
Nxa8 Bxa8 26. Qb5 Be7 27. Rxd7 Qc8 28. b7 Bxb7 29. Qxb7 Qxb7 30. Rxb7 1-0